[Event "*** SCC Grand Prix: Titled Tuesday Blitz"]
[Site "Chess.com"]
[Date "2020.06.02"]
[Round "1"]
[White "mohssenbinaddi"]
[Black "louis198"]
[Result "1-0"]
[WhiteElo "2061"]
[BlackElo "2476"]
[TimeControl "180+1"]
[EndTime "10:08:32 PDT"]
[Termination "mohssenbinaddi won by checkmate"]

1. Nf3 d5 2. g3 g6 3. Bg2 Bg7 4.
O-O e6 5. c4 Ne7 6. d4 O-O 7.
Nc3 Nbc6 8. b3 dxc4 9. e3 cxb3 10. Qxb3 b6 11. Ba3 Ba6 12. Rfc1 Re8 13. Qa4 Bb7 14. Ne5 Bxe5 15. dxe5 Na5 16. Bxb7 Nxb7 17. Nb5 c5 18.
Rd1 Qb8 19. Nd6 Rd8 20. Qf4 Nxd6 21. exd6 Nd5 22. Qe5 Rxd6 23. e4 f6 24. Qb2 Nb4 25.
Qxf6 Nc2 26. Bb2 Nd4 27. Bxd4 cxd4 28. Rxd4 Rxd4 29. Qxd4 Qc7 30. Qf6 Qf7 31. Qe5 Rc8 32. Rd1 Re8 33. Rd6 Qe7 34. Rc6 Qf7 35. Rc7 Re7 36.
Rc8+ Re8 37. Rc7 Re7 38. Rc8+ Re8 39. Rc6 Qd7 40. Rd6 Qf7 41. f4 b5 42. Qxb5 Rc8 43. Qe5 Re8 44. h4 Qc7 45. Qd4 Qc1+ 46. Kg2 Qc2+ 47.
Kf3 Qxa2 48. Rd7 e5 49. Qxa7 Qb3+ 50. Kg4 Qe6+ 51. f5 gxf5+ 52. exf5 Qc4+ 53. Kh3 Qf1+ 54. Kg4 Qe2+ 55. Kg5 Qc4 56. Rg7+ Kf8 57. f6 Qc1+ 58. Kh5 Qd1+ 59. g4 Qd6 60. Qf7# 1-0

[Event "*** SCC Grand Prix: Titled Tuesday Blitz"]
[Site "Chess.com"]
[Date "2020.06.02"]
[Round "1"]
[White "giantslayer83"]
[Black "Ginzburg_Yakov"]
[Result "1-0"]
[WhiteElo "2684"]
[BlackElo "2337"]
[TimeControl "180+1"]
[EndTime "10:08:33 PDT"]
[Termination "giantslayer83 won on time"]

1. d4 d5 2. Bf4 Nf6 3. e3 c5 4.
c3 Nc6 5. Nd2 Qb6 6. Qb3 Qxb3 7.
axb3 e6 8. h3 Bd7 9. Ngf3 Be7 10.
dxc5 Bxc5 11. b4 Bb6 12. b5 Ne7 13. Bd3 Ng6 14. Bh2 O-O 15. O-O Rfd8 16. Ne5 Be8 17. Ra3 Rac8 18. Nxg6 hxg6 19. Rd1 Nd7 20. Be2 Nc5 21. Kf1 f6 22. Raa1 e5 23. b4 Ne6 24. c4 dxc4 25. Bxc4 Bf7 26. Rac1 Nc7 27. Bxf7+ Kxf7 28. Nc4 Nxb5 29. Rxd8 Rxd8 30. f4 e4 31. g4 Rd3 32. Kf2 Rb3 33. Rd1 Rxb4 34. Nxb6 axb6 35. Rd7+ Ke6 36. Rxb7 Nc3 37. Rxg7 Rb2+ 38.
Kg1 Nd5 39. Rxg6 Nxe3 40. f5+ Ke7 41. Rg7+ Kf8 42. Rb7 Rg2+ 43. Kh1 Rb2 44. Bd6+ Kg8 45. Bc5 Nc4 46. Bd4 Rb1+ 47. Kg2 e3 48. Kf3 Rf1+ 49.
Ke2 Rf2+ 50. Kd3 Nb2+ 51. Kxe3 Nd1+ 52. Ke4 Re2+ 53. Kf3 Rd2 54. Bxf6 Rd3+ 55. Kf4 Nf2 56. Kg5 Nxh3+ 57. Kh6 Nf4 58. Be5 Nd5 59. Kg6 1-0

[Event "*** SCC Grand Prix: Titled Tuesday Blitz"]
[Site "Chess.com"]
[Date "2020.06.02"]
[Round "1"]
[White "Carnivoras"]
[Black "tylityli"]
[Result "1-0"]
[WhiteElo "2623"]
[BlackElo "2284"]
[TimeControl "180+1"]
[EndTime "10:08:33 PDT"]
[Termination "Carnivoras won on time"]

1. d4 Nf6 2. Nf3 d5 3. Bg5 Ne4 4. Bh4 Bf5 5. e3 g6 6. Nbd2 Bg7 7. Bd3 O-O 8. O-O Nd7 9. h3 Nxd2 10. Qxd2 Bxd3 11.
Qxd3 c5 12. c3 c4 13. Qe2 Nf6 14. Nd2 Qb6 15. Rab1 Qe6 16. Rfe1 Ne4 17. Nf1 f5 18. f3 Nd6 19. Bg5 Bf6 20. Bf4 b5 21. Nd2 g5 22.
Bxd6 exd6 23. e4 dxe4 24. fxe4 f4 25. e5 Bg7 26. exd6 Qxd6 27. Qe6+ Qxe6 28. Rxe6 Rfe8 29. Rbe1 Kf7 30. Nf3 h6 31. Rxe8 Rxe8 32. Rxe8 Kxe8 33. Kf2 Ke7 34. Nd2 Ke6 35. Kf3 Kf5 36. Ne4 Bf8 37.
g3 fxg3 38. Nxg3+ Ke6 39. Ke4 a5 40. d5+ Kd6 41. Nf5+ Kc5 42. Nd4 Kd6 43. Nxb5+ Kc5 44. Nd4 Kd6 45. Ne6 Be7 46. Ng7 Bf8 47. Nf5+ Kc5 48.
d6 Bxd6 49. Nxh6 Bf4 50. Nf7 Bc1 51. b3 Bd2 52. Ne5 Bxc3 53. Nxc4 Kb4 54. Kf5 a4 55. Nb6 axb3 56. Nd5+ Kc4 57. Nxc3 Kxc3 58. axb3 Kxb3 59. Kxg5 Kc4 60. h4 Kd5 61. Kf6 Kd6 62. h5 1-0

[Event "*** SCC Grand Prix: Titled Tuesday Blitz"]
[Site "Chess.com"]
[Date "2020.06.02"]
[Round "1"]
[White "Siniauski"]
[Black "bmt011"]
[Result "1-0"]
[WhiteElo "2503"]
[BlackElo "2071"]
[TimeControl "180+1"]
[EndTime "10:08:33 PDT"]
[Termination "Siniauski won by resignation"]

1. e4 e6 2. d4 d5 3. Nc3 Nf6 4. Bg5 Bb4 5. exd5 exd5 6. Qf3 Bxc3+ 7. Qxc3 O-O 8. O-O-O Ne4 9. Bxd8 Nxc3 10. bxc3 Rxd8 11.
c4 Be6 12. c5 b6 13. cxb6 axb6 14. Kb2 c5 15. Nf3 Nc6 16. c3 cxd4 17. Nxd4 Nxd4 18.
Rxd4 Ra5 19. Bd3 Rda8 20. Bb1 g6 21. Rhd1 Bf5 22. Rxd5 Bxb1 23. Rxa5 Rxa5 24. Kxb1 Rb5+ 25. Kc2 Ra5 26. Kb3 Rb5+ 27. Kc2 Ra5 28. Ra1 Rf5 29. f3 Rg5 30. g3 Rh5 31. h4 g5 32.
hxg5 Rxg5 33. g4 f5 34. gxf5 Rxf5 35. Rg1+ Kf7 36. Rg3 Ra5 37. Kb3 Rb5+ 38. Kc4 Ra5 39. Rg2 Rf5 40. Rf2 h5 41. a4 h4 42. Rh2 Rf4+ 43.
Kb3 Ke6 44. c4 Kd6 45. Kb4 Kc6 46. Rh3 Rd4 47. Rh1 Rf4 48. Rh2 Rd4 49. Rg2 Rf4 50.
Rg6+ Kb7 51. Rh6 Ka6 52. Rh7 Rxf3 53. Rxh4 Rf1 54. Rh3 Rb1+ 55. Rb3 Rc1 56. Rh3 Rb1+ 57. Kc3 Ra1 58. Rh8 Kb7 59. Kb3 Rb1+ 60. Kc2 Ra1 61. Kb3 Rc1 62. Rh2 Rb1+ 63. Rb2 Rc1 64. Rc2 Ka6 65. Rxc1 Ka5 66. c5 b5 67. axb5 1-0

[Event "*** SCC Grand Prix: Titled Tuesday Blitz"]
[Site "Chess.com"]
[Date "2020.06.02"]
[Round "1"]
[White "Gyapiking"]
[Black "EnergeticHay"]
[Result "1/2-1/2"]
[WhiteElo "2531"]
[BlackElo "2196"]
[TimeControl "180+1"]
[EndTime "10:08:34 PDT"]
[Termination "Game drawn by repetition"]

1. d4 Nf6 2. Nf3 g6 3. e3 Bg7 4.
Be2 O-O 5. O-O d6 6. b3 c5 7. Bb2 Nc6 8. d5 Nb8 9. c4 e6 10. Nc3 exd5 11. cxd5 a6 12. a4 Re8 13. Nd2 Nbd7 14.
Nc4 Qc7 15. a5 b5 16. axb6 Nxb6 17. Nxb6 Qxb6 18. Bc4 Bd7 19. Qe2 Bb5 20. Nxb5 axb5 21. Bxb5 Rxa1 22. Rxa1 Rb8 23. Bc4 Qb7 24. Qd3 Re8 25.
h3 Qe7 26. Ra6 Ne4 27. Bxg7 Kxg7 28. Qc2 Qe5 29. Ra7 Kg8 30. Qd1 Qb2 31. Qf3 f5 32.
Qf4 Qc2 33. g4 Rf8 34. g5 Qd1+ 35. Kg2 Qh5 36. Bd3 Qxg5+ 37. Qxg5 Nxg5 38. Rd7 Nf7 39. f4 Rd8 40. Rb7 Kf8 41. Kf3 Re8 42. e4 fxe4+ 43.
Bxe4 Re7 44. Rb6 Rd7 45. h4 Ke7 46. h5 gxh5 47. Bxh7 Kf6 48. Be4 Nh6 49. Rb8 Ng4 50.
Rh8 Nh2+ 51. Kg2 Ng4 52. Rxh5 Ne3+ 53. Kf3 Nd1 54. Rh2 Nc3 55. Rc2 Nxe4 56. Kxe4 Rb7 57. Rc3 Rb4+ 58. Kf3 Kf5 59. Rd3 Rxf4+ 60. Ke3 Rb4 61.
Kd2 Ke5 62. Kc3 Rd4 63. Rxd4 cxd4+ 64. Kd3 Kxd5 65. b4 Ke5 66. b5 Kd5 67. b6 Kc6 68.
Kxd4 Kxb6 69. Kd5 Kc7 70. Kd4 Kc6 71. Kc4 d5+ 72. Kd4 Kd6 73. Kd3 Kc5 74. Kc3 Kc6 75. Kd4 Kd6 76. Kd3 Ke5 77. Ke3 d4+ 78. Kd3 Kd5 79. Kd2 Kc4 80. Kc2 Kc5 81. Kd3 Kd5 82.
Kd2 Ke5 83. Kd3 Kd5 1/2-1/2

[Event "*** SCC Grand Prix: Titled Tuesday Blitz"]
[Site "Chess.com"]
[Date "2020.06.02"]
[Round "1"]
[White "Pomegranate988"]
[Black "Ty3oB"]
[Result "1-0"]
[WhiteElo "2546"]
[BlackElo "2192"]
[TimeControl "180+1"]
[EndTime "10:08:36 PDT"]
[Termination "Pomegranate988 won on time"]

1. d4 Nf6 2. c4 g6 3. Nc3 Bg7 4. e4 d6 5. Nf3 O-O 6. h3 Nc6 7.
d5 Ne5 8. Nxe5 dxe5 9. Be2 c6 10. Be3 cxd5 11. cxd5 Bd7 12. O-O Ne8 13. f4 exf4 14. Rxf4 e5 15. Rf2 b6 16. Qb3 Nd6 17. Qb4 Qe7 18. Nb5 Bxb5 19. Bxb5 Rac8 20. Bc6 f5 21. exf5 gxf5 22. Raf1 f4 23. Bd2 Nf5 24. Re1 Rfd8 25. Rxf4 Qxb4 26. Rxb4 Nd4 27. Rc4 Rd6 28. Bb4 Rg6 29.
Kh2 Nxc6 30. dxc6 Rgxc6 31. Rxc6 Rxc6 32. Bc3 Re6 33. Kg3 Kf7 34. Kf3 Rf6+ 35. Ke4 Rf2 36. g4 Ke6 37. Re3 Rf4+ 38. Kd3 Kd5 39. Ke2 Bf6 40. Rd3+ Ke6 41. Rf3 Rxf3 42. Kxf3 Kd5 43. Ke3 Bg5+ 44. Ke2 e4 45. b3 b5 46. Bg7 a6 47. Bf8 Bh4 48. Bg7 Bg5 49. Bc3 Bf4 50.
Be1 Bg5 51. h4 Bf4 52. g5 Ke5 53. Bd2 Bg3 54. h5 Kf5 55. g6 hxg6 56. h6 Be5 57. h7 g5 58. Ke3 Bf4+ 59. Kd4 Be5+ 60. Kd5 Bf6 61. Be3 g4 62. Bd4 g3 63. Bxf6 g2 64. Bd4 Kf4 65. h8=Q e3 66. Qe5+ 1-0

[Event "*** SCC Grand Prix: Titled Tuesday Blitz"]
[Site "Chess.com"]
[Date "2020.06.02"]
[Round "1"]
[White "ChessAintFun"]
[Black "mattcolins2025"]
[Result "1-0"]
[WhiteElo "2662"]
[BlackElo "2330"]
[TimeControl "180+1"]
[EndTime "10:08:37 PDT"]
[Termination "ChessAintFun won by checkmate"]

1. e4 c5 2. Nf3 e6 3. d4 cxd4 4. Nxd4 Nc6 5. Nc3 Qc7 6. Be3 a6 7. Qd2 Nf6 8. O-O-O Bb4 9. f3 Ne7 10. Nde2 d5 11. a3 Bxc3 12. Nxc3 dxe4 13. fxe4 b5 14.
Bf4 e5 15. Bxe5 Qb6 16. Bd4 Qc7 17. Bxf6 gxf6 18. Nd5 Nxd5 19. exd5 Bf5 20. Re1+ Kd7 21. Bd3 Bg6 22. Rhf1 Qd6 23. Bf5+ Bxf5 24. Rxf5 Rac8 25. Ref1 Rc5 26. Rxf6 Qxd5 27. Rxf7+ Kc8 28. Qa5 Qc6 29. c3 Rd8 30. Rf8 Qh6+ 31. R8f4 Rcd5 32. Kb1 Qg6+ 33. Ka2 Rd1 34. Rf6 Qg8+ 35. Rf7 R1d7 36. Qxa6+ Kc7 37. Qa7+ Kc8 38. Qa8+ Kc7 39. Qa5+ Kc8 40. Qa6+ Kc7 41. Qe6 Qxg2 42. Rxd7+ Rxd7 43. Qe5+ Kb7 44. Qxb5+ Kc7 45. Qe5+ Kb7 46. Re1 Qg8+ 47. Qe6 Qd8 48. Qb3+ Kc8 49. Re4 Rc7 50. Rc4 Qd7 51. Rxc7+ Qxc7 52. Qg8+ Kb7 53. Qd5+ Kc8 54. h4 Kb8 55. Qb5+ Kc8 56. h5 Qf7+ 57. c4 Kd8 58. a4 Kc7 59. Qc5+ Kb7 60. Qd5+ Qxd5 61.
cxd5 Kc7 62. b4 Kd6 63. a5 Kxd5 64. b5 Kc5 65. a6 Kb6 66. Kb3 h6 67. Kc4 Ka7 68.
Kd5 Kb6 69. Ke6 Kxb5 70. a7 Ka6 71. a8=Q+ Kb6 72. Qc8 Kb5 73. Kd5 Kb4 74. Qc4+ Ka3 75. Kd4 Kb2 76. Qc3+ Ka2 77. Qb4 Ka1 78. Ke3 Ka2 79.
Ke2 Ka1 80. Kd3 Ka2 81. Kd2 Ka1 82. Kd1 Ka2 83. Kc2 Ka1 84. Kc1 Ka2 85. Kd2 Ka1 86.
Kc3 Ka2 87. Kc4 Ka1 88. Kb5 Ka2 89. Ka5 Ka1 90. Ka4 Ka2 91. Kb5 Ka1 92. Kc4 Ka2 93.
Qb6 Ka1 94. Kc3 Ka2 95. Qb2# 1-0

[Event "*** SCC Grand Prix: Titled Tuesday Blitz"]
[Site "Chess.com"]
[Date "2020.06.02"]
[Round "1"]
[White "allvim"]
[Black "GukeshDommaraju"]
[Result "0-1"]
[WhiteElo "2323"]
[BlackElo "2658"]
[TimeControl "180+1"]
[EndTime "10:08:37 PDT"]
[Termination "GukeshDommaraju won by checkmate"]

1. e4 c5 2. Nf3 Nc6 3. d4 cxd4 4. Nxd4 Nf6 5. Nc3 e5 6. Ndb5 d6 7. Bg5 a6 8. Na3 b5 9. Nd5 Be7 10. Bxf6 Bxf6 11. c3 Bg5 12. Nc2 Rb8 13. Be2 O-O 14. O-O Ne7 15. Nce3 Be6 16. Nxe7+ Qxe7 17. Nd5 Qb7 18.
a4 bxa4 19. Rxa4 Qxb2 20. Rxa6 Bxd5 21. exd5 Rb6 22. Rxb6 Qxb6 23. c4 Qc5 24. Qb3 g6 25.
Qb5 Rc8 26. Rb1 Kg7 27. g3 Qd4 28. Qb7 Rd8 29. Qc7 Qe4 30. Rb7 Rf8 31. Bf1 h5 32. Qxd6 h4 33. Qa3 hxg3 34. Qxg3 Bf4 35. Qg2 Qd4 36. d6 Qxd6 37. Qd5 Qf6 38. Bg2 Rd8 39. Qf3 Qh4 40. h3 Rc8 41. Qd5 Qf6 42. c5 Bg5 43. c6 Bh4 44. Qf3 Qe6 45. Qe4 Rd8 46. Qf3 Bf6 47.
Bf1 e4 48. Qb3 Qe8 49. c7 Rc8 50. Ba6 Be5 51. Qb5 Qe7 52. Qc6 Qg5+ 53. Kf1 Qe7 54. Qd5 Rxc7 55. Rxc7 Bxc7 56. Bc4 Bb6 57. Qd2 Qf6 58.
Qe2 e3 59. f3 Qf4 60. Bd3 Bd4 61. Ke1 Qg3+ 62. Kd1 Qc7 63. Ke1 Qc1+ 64. Qd1 Qb2 65.
Qe2 Bc3+ 66. Kf1 Qc1+ 67. Kg2 Be1 68. f4 Bf2 69. Kf3 Qh1+ 70. Kg4 Qg2# 0-1

[Event "*** SCC Grand Prix: Titled Tuesday Blitz"]
[Site "Chess.com"]
[Date "2020.06.02"]
[Round "1"]
[White "ClassyEl"]
[Black "Mbneu"]
[Result "1-0"]
[WhiteElo "2575"]
[BlackElo "2237"]
[TimeControl "180+1"]
[EndTime "10:08:38 PDT"]
[Termination "ClassyEl won by resignation"]

1. d4 Nf6 2. Bg5 c5 3. Bxf6 gxf6 4. d5 e6 5. c4 b5 6. e4 bxc4 7. Bxc4 Ba6 8. Bxa6 Nxa6 9. dxe6 fxe6 10. Nc3 h5 11.
Nge2 Bh6 12. h4 Qb6 13. Rb1 O-O-O 14. O-O Rdg8 15. a3 Rg4 16. g3 Rhg8 17. Qd3 Nc7 18.
Rfd1 Qc6 19. b4 c4 20. Qf3 f5 21. b5 Qc5 22. exf5 Qxf5 23. Qxf5 exf5 24. Rd6 Bf4 25. Nxf4 Rxf4 26. Rbd1 Rf3 27. Nd5 Nxd5 28. R1xd5 f4 29. Rf6 Rxa3 30. Rxf4 Rg4 31. Rxg4 hxg4 32. Rc5+ Kb7 33.
Rxc4 Kb6 34. Rxg4 Kxb5 35. h5 Rc3 36. h6 Rc8 37. Rg7 Rh8 38. Rxd7 a5 39. h7 a4 40. Ra7 Kb4 41. Kg2 Kb3 42. g4 a3 43.
Kg3 a2 44. g5 Rxh7 45. Rxa2 Kxa2 46. f4 Kb3 47. g6 Rg7 48. f5 Kc4 49. Kf4 Kd5 50. Kg5 Ke5 51. f6 Rg8 52. f7 Rf8 53.
g7 Rxf7 54. g8=Q Rf5+ 55. Kg4 Rf6 56. Qg7 Ke6 57. Qa7 Rf7 58. Qb6+ Ke7 59. Kg5 Kf8 60.
Qd6+ Ke8 61. Qg6 Kf8 62. Qd6+ Ke8 63. Qb8+ Kd7 64. Kg6 Re7 65. Qb5+ Kd8 66. Kf6 Rc7 67. Ke6 Re7+ 68. Kd6 Rc7 69. Qb8+ Rc8 70. Qb7 Rc6+ 71. Kxc6 Ke8 72. Kd6 1-0

[Event "*** SCC Grand Prix: Titled Tuesday Blitz"]
[Site "Chess.com"]
[Date "2020.06.02"]
[Round "1"]
[White "LionTheLeon_06"]
[Black "AlexSuv"]
[Result "0-1"]
[WhiteElo "2685"]
[BlackElo "2782"]
[TimeControl "180+1"]
[EndTime "10:08:39 PDT"]
[Termination "AlexSuv won by resignation"]

1. Nf3 d5 2. g3 c6 3. Bg2 Bg4 4. d3 Nf6 5. O-O Bxf3 6. Bxf3 e6 7. Nd2 Nbd7 8. Bg2 Be7 9. e4 O-O 10. Qe2 Rc8 11. h3 Qb6 12. b3 Bc5 13. Bb2 Bd4 14. c3 Bc5 15. e5 Ne8 16. d4 Be7 17.
c4 dxc4 18. Nxc4 Qa6 19. Qc2 Nb6 20. Rfd1 Nd5 21. Bf1 b5 22. Nd2 c5 23. Rdc1 Nb6 24. a4 cxd4 25. Qd3 Qb7 26. Qxb5 Nc7 27. Qd3 Ncd5 28.
Bg2 Rfd8 29. Rxc8 Qxc8 30. Rc1 Qb8 31. f4 Nb4 32. Qe4 d3 33. Rc4 N6d5 34. Kh2 a5 35. Rd4 g6 36. h4 h5 37. Bf3 Qb6 38. Nc4 Qa7 39. Nd6 Qc5 40. Bg2 Qc2 41. Ba3 Qxb3 42. Bxb4 Nxb4 43. f5 exf5 44. Qb7 Bxd6 45. exd6 Qe6 46.
Qb6 Rd7 47. Qxa5 Nc2 48. Qc5 Ne1 49. Qd5 Qe2 50. a5 d2 51. Rxd2 Qe3 52. a6 f4 53. gxf4 Qxf4+ 54. Kg1 Qe3+ 55. Kh1 Qg3 56. a7 Qxh4+ 57. Kg1 Rxa7 58. d7 Nf3+ 59. Qxf3 Ra1+ 60. Rd1 Qd4+ 61. Kh2 Qxd1 62. Qf6 Qg1+ 63. Kh3 Ra3+ 64. Kh4 Qh2+ 65. Kg5 Qxg2+ 66. Kh6 Qd2+ 67. Qg5 Qxg5+ 68. Kxg5 Rd3 0-1

[Event "*** SCC Grand Prix: Titled Tuesday Blitz"]
[Site "Chess.com"]
[Date "2020.06.02"]
[Round "1"]
[White "Smile2005"]
[Black "AlexanderL"]
[Result "0-1"]
[WhiteElo "2409"]
[BlackElo "2820"]
[TimeControl "180+1"]
[EndTime "10:08:43 PDT"]
[Termination "AlexanderL won by checkmate"]

1. Nf3 b6 2. g3 Bb7 3. Bg2 g6 4. O-O Bg7 5. d3 d6 6. e4 Nd7 7. Nc3 Ngf6 8. Bg5 O-O 9. Qd2 e5 10. Bh6 Nc5 11. Bxg7 Kxg7 12. Nd1 Re8 13. Ne3 d5 14.
exd5 Nxd5 15. Nxd5 Bxd5 16. Rfe1 Qf6 17. Nh4 Bxg2 18. Nxg2 Rad8 19. b4 Ne6 20. Re3 Nd4 21. Ne1 e4 22. c3 Nf5 23. Re2 Qc6 24. d4 Qc4 25. Ng2 c5 26. bxc5 bxc5 27. Ne3 Qe6 28.
Nxf5+ Qxf5 29. Rae1 cxd4 30. cxd4 Qd5 31. Rd1 f5 32.
Qb4 Rd7 33. Rc2 e3 34. fxe3 Rxe3 35. Qc5 Qxc5 36. Rxc5 Re2 37. a4 Ra2 38. a5 Kh6 39. d5 Rd6 40. Rc6 Rxc6 41. dxc6 Rc2 42. Rd7 Rxc6 43.
Rxa7 Rc2 44. Rd7 Ra2 45. Rd5 Kg5 46. Rc5 Kg4 47. Rc4+ Kf3 48. Rc3+ Ke4 49. Rc4+ Ke5 50. Rc5+ Kf6 51. Rc6+ Kg5 52. Rc5 h6 53. Rd5 Kh5 54. Rc5 Kg4 55. Rc4+ Kf3 56. Rc3+ Kg4 57. Rc4+ Kh5 58.
Rc5 Kg5 59. Rb5 h5 60. Rc5 h4 61. gxh4+ Kxh4 62. Rc6 g5 63. a6 f4 64. Rh6+ Kg4 65. Rc6 Kh5 66. Rd6 f3 67. Rf6 Kg4 68. h3+ Kg3 69. Kf1 Ra1# 0-1

[Event "*** SCC Grand Prix: Titled Tuesday Blitz"]
[Site "Chess.com"]
[Date "2020.06.02"]
[Round "1"]
[White "FM_VS99"]
[Black "Lagmantr"]
[Result "1-0"]
[WhiteElo "2311"]
[BlackElo "2618"]
[TimeControl "180+1"]
[EndTime "10:08:48 PDT"]
[Termination "FM_VS99 won on time"]

1. c4 Nf6 2. g3 e6 3. Bg2 d5 4. Nf3 g6 5. O-O Bg7 6. d4 O-O 7. Nc3 c6 8. h3 b6 9. e3 Bb7 10. b3 Nbd7 11. Bb2 c5 12. dxc5 Nxc5 13. Nd4 Nfe4 14.
Nxe4 dxe4 15. Qc2 f5 16. b4 e5 17. bxc5 exd4 18. exd4 Bxd4 19. Bxd4 Qxd4 20. cxb6 axb6 21.
Qb3 Qc5 22. Rfb1 Ra6 23. Qb5 Qxb5 24. Rxb5 Rc8 25. Bf1 Rc5 26. a4 Rxb5 27. cxb5 Ra8 28. Rd1 Bc8 29. Rd6 Kg7 30. Rxb6 Rxa4 31. Rc6 Ra8 32. b6 Kh6 33. h4 Bb7 34. Rc7 Bd5 35.
b7 Rb8 36. Ba6 g5 37. hxg5+ Kxg5 38. Rg7+ Kh6 39. Rd7 Bb3 40. Rc7 Bd5 41. Rc8 Rxb7 42. Bxb7 Bxb7 43. Rc7 Bd5 44. Kh2 Kg6 45. Kh3 Be6 46.
Kh4 h6 47. Rc6 Kf6 48. Kh5 Ke5 49. Kxh6 Bd5 50. Ra6 f4 51. g4 Kd4 52. g5 e3 53. fxe3+ fxe3 54. Ra1 Kd3 55. Rd1+ Ke4 56. g6 1-0

[Event "*** SCC Grand Prix: Titled Tuesday Blitz"]
[Site "Chess.com"]
[Date "2020.06.02"]
[Round "1"]
[White "Gerasimenyuk_Miha"]
[Black "Volodar_Murzin"]
[Result "0-1"]
[WhiteElo "2362"]
[BlackElo "2720"]
[TimeControl "180+1"]
[EndTime "10:08:49 PDT"]
[Termination "Volodar_Murzin won by checkmate"]

1. d4 Nf6 2. Nf3 g6 3. Bg5 Bg7 4. e3 O-O 5. Nbd2 d6 6. Bd3 Nbd7 7. h4 h5 8. Bxf6 Nxf6 9. c3 Bg4 10. Qc2 Qe8 11.
Ng5 e5 12. f3 exd4 13. fxg4 Qxe3+ 14. Kf1 Nxg4 15. Ndf3 dxc3 16. Re1 Rae8 17. bxc3 Qxe1+ 18. Nxe1 Ne3+ 19. Kf2 Nxc2 20. Nxc2 Bxc3 21. Rb1 Rb8 22. Bc4 Kg7 23. Rb3 Ba5 24. Rf3 Bb6+ 25. Kg3 Rbe8 26. Bxf7 Re2 27. Ne6+ Rxe6 28. Bxe6 Re8 29. Rf7+ Kh6 30.
Bb3 Re2 31. Nb4 Re3+ 32. Kh2 Re4 33. Nd5 Rxh4+ 34. Kg3 Rg4+ 35. Kf3 c6 36. Nf6 Rd4 37.
Rh7+ Kg5 38. Ne4+ Kf5 39. Rf7+ Ke5 40. Re7+ Kf5 41. Bc2 d5 42. Nd6+ Kf6 43. Rxb7 Rd2 44. Bb3 Rd3+ 45. Ke2 Re3+ 46. Kd2 Rg3 47. Ne8+ Ke5 48.
Re7+ Kd4 49. Re2 c5 50. Ba4 c4 51. Nd6 Ba5+ 52. Kc2 Kc5 53. Nf7 Bb6 54. Bd7 h4 55.
Ne5 g5 56. Nf7 Kd4 57. Ne5 Kc5 58. Nf3 Ba5 59. Ne5 Rc3+ 60. Kb2 Rg3 61. Bh3 Bd8 62. Ng4 Bc7 63. Re6 Rd3 64. Kc2 Ra3 65. Kb1 Rd3 66.
Re7 Bf4 67. Rxa7 Rd1+ 68. Kc2 Rc1+ 69. Kb2 d4 70. Ra5+ Kb4 71. Rf5 c3# 0-1

[Event "*** SCC Grand Prix: Titled Tuesday Blitz"]
[Site "Chess.com"]
[Date "2020.06.02"]
[Round "1"]
[White "GMSrinath"]
[Black "kikydu96"]
[Result "1-0"]
[WhiteElo "2797"]
[BlackElo "2401"]
[TimeControl "180+1"]
[EndTime "10:08:50 PDT"]
[Termination "GMSrinath won on time"]

1. Nf3 f5 2. d3 Nf6 3. Nc3 d5 4.
d4 e6 5. g3 Be7 6. Bg2 O-O 7.
O-O c5 8. e3 Nc6 9. Ne2 b6 10.
b3 Ba6 11. Bb2 Ne4 12. Rc1 Rc8 13. c4 dxc4 14. bxc4 Na5 15. Qa4 Qe8 16. Qxe8 Rfxe8 17. Ne5 Nd2 18. Rfd1 Ndxc4 19. Nxc4 Nxc4 20. Rc2 Nxb2 21. Rxb2 Bf6 22. Rc2 cxd4 23. Rxc8 Rxc8 24. Nxd4 Bxd4 25. exd4 Rd8 26. d5 Bb7 27. d6 Bxg2 28. Kxg2 Kf7 29.
f4 Ke8 30. Rd3 Kd7 31. Ra3 a5 32. Rb3 Kc6 33. Rc3+ Kxd6 34. a4 Rd7 35. Kf3 Rc7 36.
Rd3+ Ke7 37. Rb3 Rc4 38. Rxb6 Rxa4 39. Ke3 Kf6 40. Ra6 h6 41. h4 Ra3+ 42. Kf2 g6 43. Ra8 a4 44. Rf8+ Kg7 45. Re8 Kf7 46. Rh8 h5 47. Rh7+ Kf6 48. Ra7 Ra1 49. Kg2 a3 50.
Kh2 Ra2+ 51. Kh3 Ra1 52. Kh2 a2 53. Kg2 e5 54. Ra6+ Kf7 55. fxe5 Ke7 56. Kh2 Kf7 57. Kg2 Ke8 58. Kh2 Kd7 59. Kg2 Kc7 60. e6 Kd8 61. Ra7 Ke8 62. e7 Re1 63. Rxa2 Rxe7 64. Kf3 Kf7 65. Ra4 Kf6 66. Kf4 Re6 67. Rb4 Ra6 68.
Rc4 Ke6 69. Kg5 Kd5 70. Rb4 Ke5 71. Rb8 Ke4 72. Rb3 Rd6 73. Ra3 1-0

[Event "*** SCC Grand Prix: Titled Tuesday Blitz"]
[Site "Chess.com"]
[Date "2020.06.02"]
[Round "1"]
[White "chessdude"]
[Black "Khayala13"]
[Result "1-0"]
[WhiteElo "2622"]
[BlackElo "2283"]
[TimeControl "180+1"]
[EndTime "10:08:50 PDT"]
[Termination "chessdude won on time"]

1. e4 c5 2. Nf3 e6 3. d4 cxd4 4. Nxd4 a6 5. c4 Nf6 6. Nc3 Qc7 7. Be2 b6 8. a3 Bb7 9. f3 Be7 10. Be3 d6 11. O-O Nbd7 12. Rc1 O-O 13. Qd2 Rac8 14. Rfd1 Qb8 15. b4 Bd8 16. Nb3 Bc7 17. Bf4 Ne5 18.
Bxe5 dxe5 19. c5 bxc5 20. Nxc5 Bb6 21. Na4 Ba7 22. Kh1 Rfd8 23. Qe1 Rxd1 24. Rxd1 a5 25.
Nxb7 Qxb7 26. bxa5 Qb3 27. Qc3 Qb7 28. Nb6 Bxb6 29.
axb6 h6 30. Qxe5 Qxb6 31. a4 Ra8 32. Bb5 Qf2 33. Qd4 Qa2 34. Qd2 Qa3 35. Qc2 Nh5 36. Qd3 Qb4 37. Qd2 Qa3 38. e5 Kh7 39. Qd3+ Qxd3 40.
Rxd3 Nf4 41. Rd4 Nd5 42. g3 Kg6 43. f4 f5 44. exf6 Kxf6 45. Rd1 Nc3 46. Rd4 Nxb5 47.
axb5 Ra2 48. Rb4 Ra7 49. b6 Rb7 50. Kg2 Kf5 51. Kf3 g5 52. h3 gxf4 53. gxf4 Kf6 54. Ke4 h5 55. h4 Kg6 56. Ke5 Kf7 57. f5 exf5 58. Kxf5 Ke7 59. Kg5 Kd6 60. Kxh5 Kc5 61. Rb1 Kc6 62. Kg6 Rb8 63. b7 Kc7 64. h5 1-0

[Event "*** SCC Grand Prix: Titled Tuesday Blitz"]
[Site "Chess.com"]
[Date "2020.06.02"]
[Round "1"]
[White "Matibar"]
[Black "atwalcb"]
[Result "1-0"]
[WhiteElo "2698"]
[BlackElo "2346"]
[TimeControl "180+1"]
[EndTime "10:08:51 PDT"]
[Termination "Matibar won by resignation"]

1. e4 d6 2. d4 Nf6 3. Nc3 Nbd7 4. Nf3 e5 5. Rg1 Be7 6. g4 h6 7. Be3 c6 8. a4 a5 9. Qd2 Qc7 10.
O-O-O exd4 11. Nxd4 Ne5 12. h3 Be6 13. f4 Rd8 14.
Nxe6 fxe6 15. fxe5 dxe5 16. Qe2 O-O 17. Bg2 Bb4 18. Qc4 Qe7 19. Rxd8 Rxd8 20. Rd1 Rf8 21. Ne2 Rb8 22. c3 b5 23. Qxc6 bxa4 24. cxb4 Qxb4 25. Qc3 Qb7 26. Kb1 Nxe4 27. Bxe4 Qxe4+ 28. Qd3 Qb7 29. Bc1 e4 30. Qa3 Qc6 31. Nc3 Rb3 32. Qxa4 Qxc3 33. Rd8+ Kf7 34. Qe8+ Kf6 35. Rd6 Qc4 36. Qd8+ Kg6 37.
Rd4 Qc6 38. Qd6 Qc8 39. Qe5 Kh7 40. Qxe4+ Kh8 41. Rd3 Rb4 42. Qe1 Qc4 43. Qd1 Kh7 44. Qc2 Qe4 45. Rc3 Rd4 46. Qxe4+ Rxe4 47. Re3 Rd4 48.
Rxe6 Rd3 49. Re3 Rd4 50. Kc2 h5 51. Rd3 Re4 52. gxh5 Rh4 53. Rd5 Rxh3 54. Rxa5 Rh2+ 55. Bd2 Rh3 56. b4 g6 57. hxg6+ Kxg6 58. Rc5 Kf6 59.
Bc3+ Ke6 60. Kb3 Kd6 61. Kc4 Rh4+ 62. Bd4 Rh1 63. Be5+ Kd7 64. Kb5 Rb1 65. Rc7+ Ke6 66. Rc5 Kd7 67. Bc3 Rb3 68. Kc4 Rb1 69. b5 Kd6 70.
Rc6+ Kd7 71. Rg6 Kd8 72. Rg7 Kc8 73. Bd4 Rc1+ 74. Kd5 Rb1 75. Bc5 Rf1 76. Kc6 Rf6+ 77. Bd6 1-0

[Event "*** SCC Grand Prix: Titled Tuesday Blitz"]
[Site "Chess.com"]
[Date "2020.06.02"]
[Round "1"]
[White "Jenia84"]
[Black "MomchilPetkov"]
[Result "1/2-1/2"]
[WhiteElo "2211"]
[BlackElo "2539"]
[TimeControl "180+1"]
[EndTime "10:08:51 PDT"]
[Termination "Game drawn - insufficient material"]

1. Nf3 Nf6 2. d4 e6 3. c4 b6 4. Nc3 Bb4 5. e3 Bb7 6. Bd3 O-O 7. O-O Bxc3 8. bxc3 d6 9. Re1 Ne4 10. Qc2 f5 11.
Nd2 Nxd2 12. Bxd2 Nd7 13. e4 fxe4 14. Bxe4 Bxe4 15. Qxe4 e5 16. Re3 Nf6 17. Qh4 e4 18. Rg3 Kh8 19. Re1 c6 20. d5 cxd5 21. cxd5 Qd7 22. Bg5 Qf5 23. Bxf6 Rxf6 24. Rge3 Qxd5 25. Qxe4 Qg8 26. Qxa8 Qxa8 27. Re8+ Rf8 28. Rxa8 Rxa8 29. Re7 Kg8 30. g3 Rc8 31. Rxa7 Rxc3 32. Ra6 Rc6 33. a4 Kf7 34. Kg2 Rc4 35. Rxb6 Rxa4 36. Rxd6 h5 37. h4 g6 38. Rb6 Ra3 39. Rc6 Ra2 40.
Rc3 Ra4 41. Kf3 Rb4 42. Re3 Ra4 43. Re4 Ra2 44. Rf4+ Kg7 45. Ke4 Ra5 46. Rf3 Ra4+ 47. Ke3 Ra3+ 48. Ke2 Ra2+ 49. Kf1 Ra1+ 50. Kg2 Ra4 51. Rf4 Ra5 52. Rc4 Ra6 53. Kf3 Kf6 54.
Kf4 Ra2 55. f3 Ra6 56. g4 hxg4 57. fxg4 Ra7 58. Rc6+ Kf7 59. Kg5 Ra5+ 60. Kh6 Ra4 61. Rc7+ Kf6 62. g5+ Kf5 63. Rc5+ Ke6 64. Kxg6 Rxh4 65.
Rf5 Ra4 66. Rf1 Ke7 67. Kg7 Ra6 68. g6 Rb6 69. Re1+ Kd8 70. Kg8 Rxg6+ 71. Kf7 Rc6 72.
Rd1+ Kc7 73. Re1 Rd6 74. Re7+ Rd7 75. Rxd7+ Kxd7 1/2-1/2